[Event "Team 45 45 League T82"]
[Site "Internet Chess Club"]
[Date "2019.10.16"]
[Round "4"]
[White "Kingofknights"]
[Black "mongmong"]
[Result "1/2-1/2"]
[WhiteElo "1558"]
[BlackElo "1493"]
[Opening "Nimzo-Indian: 4.e3 O-O, 5.Bd3 d5"]
[ECO "E48"]
[Time "18:01:57"]
[TimeControl "2700+45"]

1. d4 e6 2. c4 Nf6 3. Nc3 Bb4 4. e3 O-O 5. Bd3 d5 6. cxd5 Nxd5 7. Qc2 h6 8. e4
Nxc3 9. bxc3 Be7 10. Nf3 b6 11. O-O Bb7 12. Qe2 Nd7 13. Be3 c5 14. a4 f5 15.
exf5 exf5 16. Ne5 f4 17. Bc1 Nxe5 18. dxe5 f3 19. Qa2+ Bd5 20. c4 fxg2 21. Re1
Be6 22. Be4 Rb8 23. Bxg2 Bg5 24. Qe2 Bxc1 25. Raxc1 Qg5 26. Rc3 Rf4 27. Rg3 Qe7
28. Qe3 Rbf8 29. Bd5 Kh8 30. Re2 Qd7 31. Qd3 Rd4 32. Bxe6 Qxe6 33. Qg6 Qxg6 34.
Rxg6 Rxc4 35. e6 Re8 36. e7 Rd4 37. Rc6 Rd7 38. Rce6 Kg8 39. R2e3 Rd4 40. Kg2
Rf4 41. Kg3 Rf6 42. R6e5 Kf7 43. f4 g6 44. h4 h5 45. a5 Rc6 46. axb6 axb6 47.
Kf3 c4 48. Ke2 Rd6 49. f5 Rd3 50. fxg6+ Kxg6 51. Rxd3 cxd3+ 52. Kxd3 Kf6 53.
Rxh5 Kg6 54. Rb5 Rxe7 55. Rxb6+ Kh5 56. Rb4 Rg7 57. Ke3 Rg4 58. Rxg4 Kxg4 59. h5
Kg5 60. h6 Kg6 61. h7 Kg7 62. h8=Q+ Kxh8 {Game drawn because neither player has
mating material} 1/2-1/2

[Event "Team 45 45 League T82"]
[Site "Internet Chess Club"]
[Date "2019.10.20"]
[Round "4"]
[White "smsxman"]
[Black "Visin"]
[Result "0-1"]
[WhiteElo "1378"]
[BlackElo "1287"]
[Opening "Four knights: Spanish variation"]
[ECO "C48"]
[Time "12:00:33"]
[TimeControl "2700+45"]

1. e4 e5 2. Nf3 Nc6 3. Nc3 Nf6 4. Bb5 d6 5. O-O Bd7 6. Re1 Be7 7. Bxc6 Bxc6 8.
d4 exd4 9. Nxd4 O-O 10. Nxc6 bxc6 11. e5 Nd7 12. e6 fxe6 13. Rxe6 Rf6 14. Re1 h6
15. Qe2 Ne5 16. Ne4 Rf7 17. b3 Bf6 18. Nxf6+ Qxf6 19. Rb1 Qg6 20. Kh1 c5 21. Bb2
Nc6 22. f3 Re7 23. Qc4+ Qf7 24. Rxe7 Nxe7 25. Qe4 Rb8 26. h3 Ng6 27. Re1 d5 28.
Qe6 Rb6 29. Qc8+ Kh7 30. Ba3 c4 31. Bc5 Rc6 32. Bxa7 cxb3 33. cxb3 Rc2 34. a4
Nf4 35. Rg1 d4 36. Bxd4 Qg6 37. Qg4 Ne2 38. Qxg6+ Kxg6 39. Rd1 Nf4 40. Be5 Nxg2
41. Rg1 Kf5 42. Bxg7 Nh4 43. Bxh6 Nxf3 44. Rf1 Rh2# {White checkmated} 0-1

[Event "Team 45 45 League T82"]
[Site "Internet Chess Club"]
[Date "2019.10.18"]
[Round "4"]
[White "rkjulianjr"]
[Black "dabodhi"]
[Result "0-1"]
[WhiteElo "1342"]
[BlackElo "1330"]
[Opening "QGD: exchange, positional line, 5...c6"]
[ECO "D35"]
[Time "14:05:42"]
[TimeControl "2700+45"]

1. d4 d5 2. c4 e6 3. Nc3 Nf6 4. cxd5 exd5 5. Bg5 c6 6. e3 Be7 7. Bd3 Nbd7 8. f3
O-O 9. Qc2 h6 10. Bh4 Re8 11. O-O-O b5 12. g4 a5 13. g5 hxg5 14. Bxg5 b4 15. Na4
Ba6 16. Bxa6 Rxa6 17. Bxf6 Bxf6 18. Re1 Bxd4 19. Qd3 Bxe3+ 20. Rxe3 Qg5 21. Kd2
Ne5 22. Qxa6 Nc4+ 23. Kc2 Nxe3+ 24. Kb3 Qg2 25. Qxc6 Re6 26. Qc8+ Kh7 27. Qc5
Qxh1 28. Nh3 Qd1+ 29. Qc2+ Qxc2# {White checkmated} 0-1

[Event "Team 45 45 League T82"]
[Site "Internet Chess Club"]
[Date "2019.10.20"]
[Round "4"]
[White "stantheman59"]
[Black "seattleblues"]
[Result "1-0"]
[WhiteElo "1262"]
[BlackElo "1253"]
[Opening "Queen's pawn game"]
[ECO "D00"]
[Time "21:04:38"]
[TimeControl "2700+45"]

1. d4 d5 2. e3 Nf6 3. h3 e6 4. Bd3 Bd6 5. Nf3 O-O 6. O-O Nbd7 7. Nbd2 b6 8. c3
Bb7 9. Re1 Re8 10. b4 c5 11. bxc5 bxc5 12. Ba3 Qa5 13. Qc1 Rac8 14. Rb1 Ba6 15.
Nb3 Qb6 16. Nxc5 Qc6 17. Bxa6 Nxc5 18. Bb5 Qa8 19. dxc5 Bxc5 20. Bxe8 Nxe8 21.
Bxc5 Rxc5 22. Qa3 Rc7 23. Rb3 Rc8 24. Reb1 Nc7 25. Rb7 a6 26. R1b6 Nb5 27. Qe7
Rf8 28. Nd4 Qd8 29. Qxd8 Rxd8 30. Rb8 Rf8 31. Rxf8+ Kxf8 32. Nxb5 axb5 33. Rxb5
{Black resigns} 1-0

[Event "Team 45 45 League T82"]
[Site "Internet Chess Club"]
[Date "2019.10.21"]
[Round "4"]
[White "scostanzo212"]
[Black "clarinetref"]
[Result "1/2-1/2"]
[WhiteElo "1588"]
[BlackElo "1512"]
[Opening "QGA: classical variation, 6.O-O"]
[ECO "D26"]
[Time "20:33:54"]
[TimeControl "2700+45"]

1. d4 d5 2. c4 dxc4 3. Nf3 e6 4. e3 c5 5. Bxc4 Nf6 6. O-O Nc6 7. Nc3 cxd4 8.
exd4 a6 9. a3 Be7 10. Be3 Nd5 11. Nxd5 exd5 12. Bd3 Be6 13. b4 b5 14. Nd2 Bf6
15. Nb3 Qb6 16. Be2 O-O 17. Nc5 Ne7 18. Bg4 Rfe8 19. Bxe6 fxe6 20. Qg4 Nf5 21.
Rfe1 Ra7 22. Rad1 Rae7 23. Bg5 Bxg5 24. Qxg5 Nd6 {Game drawn by mutual
agreement} 1/2-1/2

[Event "Team 45 45 League T82"]
[Site "Internet Chess Club"]
[Date "2019.10.20"]
[Round "4"]
[White "sdcohle"]
[Black "g8wrb"]
[Result "0-1"]
[WhiteElo "1309"]
[BlackElo "1295"]
[Opening "Van't Kruijs opening"]
[ECO "A00"]
[Time "14:01:50"]
[TimeControl "2700+45"]

1. e3 g6 2. d4 Bg7 3. f4 d5 4. Nf3 Nc6 5. c3 Nf6 6. Bd3 Ne4 7. O-O f5 8. Nbd2 b6
9. Ne5 Nxe5 10. fxe5 Bb7 11. Rf4 Bh6 12. Rh4 Bxe3+ 13. Kh1 Nf2+ 14. Kg1 Nxd1+
15. Kf1 Bxd2 16. Bxd2 Nxb2 17. Bc2 e6 18. Rh3 Qd7 19. Bg5 Qb5+ 20. Kg1 Qe2 21.
Bb3 Nd3 22. Rf1 Ba6 23. Re3 Qg4 24. Rg3 Qe2 25. Re3 Qb2 26. Rh3 Qxc3 27. Bf6
Qxd4+ 28. Kh1 Nf2+ 29. Rxf2 Qxf2 30. Rf3 Qe1+ 31. Rf1 Qxf1# {White checkmated}
0-1

[Event "Team 45 45 League T82"]
[Site "Internet Chess Club"]
[Date "2019.10.19"]
[Round "4"]
[White "CMAlge"]
[Black "gregorgg"]
[Result "0-1"]
[WhiteElo "1287"]
[BlackElo "1183"]
[Opening "Sicilian: Grand Prix attack"]
[ECO "B23"]
[Time "15:03:52"]
[TimeControl "2700+45"]

1. e4 c5 2. Nc3 Nc6 3. f4 g6 4. Nf3 Bg7 5. Bc4 d6 6. d3 Nf6 7. O-O O-O 8. Qe1
Bg4 9. Qh4 Bxf3 10. Rxf3 Nd4 11. Rf2 Re8 12. f5 e6 13. fxg6 fxg6 14. Bg5 Rf8 15.
Raf1 b5 16. Nxb5 Nxb5 17. Bxe6+ Kh8 18. Bxf6 Bxf6 19. Rxf6 Rxf6 20. Rxf6 Nd4 21.
Qh3 Qxf6 22. Bg4 Rf8 23. Bf3 Nxf3+ 24. Qxf3 Qd4+ {White resigns} 0-1

[Event "Team 45 45 League T82"]
[Site "Internet Chess Club"]
[Date "2019.10.22"]
[Round "4"]
[White "seldredg"]
[Black "SeniorCitizen"]
[Result "0-1"]
[WhiteElo "1310"]
[BlackElo "1200"]
[Opening "Queen's pawn: London system"]
[ECO "A45"]
[Time "12:00:47"]
[TimeControl "2700+45"]

1. d4 Nf6 2. Bf4 d5 3. e3 Bf5 4. h3 Bg6 5. Nf3 e6 6. Nc3 Bb4 7. Nd2 Bxc3 8. bxc3
c6 9. c4 Nbd7 10. c5 Qa5 11. Bd3 Bxd3 12. cxd3 b5 13. Bd6 Qc3 14. Qe2 Qxa1+ 15.
Qd1 Qxd1+ 16. Kxd1 Kd8 17. e4 Ne8 18. Bg3 f6 19. f4 e5 20. fxe5 fxe5 21. Nf3
exd4 22. Nxd4 Nxc5 23. Nxc6+ Kd7 24. Ne5+ Ke6 25. exd5+ Kxd5 26. Kd2 Nf6 27. Rc1
Rac8 28. Nf3 Ncd7 29. Rb1 a6 30. Rb4 Kc5 31. a3 a5 32. Bf2+ Kc6 33. Rd4 Kb7 34.
Ke1 Rhe8+ 35. Kf1 Rc1+ 36. Be1 Rec8 37. Kf2 a4 38. Kg3 Ra1 39. Bb4 Nc5 40. Ne5
Kb6 41. Rd6+ Kb7 42. Ba5 Ncd7 43. Nxd7 Nxd7 44. Rxd7+ Kc6 45. Rxg7 Rxa3 46. Rxh7
Rxd3+ 47. Kh2 Ra8 48. Bb4 a3 49. Rh6+ Kd5 50. Rh5+ Kc4 51. Be7 a2 52. Rc5+ Kb3
53. Rxb5+ Kc2 54. Rc5+ Rc3 55. Rf5 a1=Q 56. Rf2+ Kb3 {White resigns} 0-1

[Event "Team 45 45 League T82"]
[Site "Internet Chess Club"]
[Date "2019.10.18"]
[Round "4"]
[White "Bumun"]
[Black "Hectormercado"]
[Result "1-0"]
[WhiteElo "1596"]
[BlackElo "1535"]
[Opening "Scandinavian: Pytel-Wade variation"]
[ECO "B01"]
[Time "17:07:21"]
[TimeControl "2700+45"]

1. e4 d5 2. exd5 Qxd5 3. Nc3 Qd6 4. Nf3 Nf6 5. d4 a6 6. Bc4 b5 7. Bb3 Bb7 8. Be3
Nbd7 9. O-O e5 10. Ng5 Bd5 11. dxe5 Qxe5 12. Nxd5 {Black resigns} 1-0

[Event "Team 45 45 League T82"]
[Site "Internet Chess Club"]
[Date "2019.10.20"]
[Round "4"]
[White "Andressa"]
[Black "BrerRabbit"]
[Result "1-0"]
[WhiteElo "1352"]
[BlackElo "1356"]
[Opening "Caro-Kann: exchange variation"]
[ECO "B13"]
[Time "20:04:27"]
[TimeControl "2700+45"]

1. e4 c6 2. d4 d5 3. exd5 cxd5 4. Nf3 Nf6 5. Be2 Nc6 6. O-O Bf5 7. c3 e6 8. Bf4
Bd6 9. Bg3 h6 10. Re1 O-O 11. h3 Bxg3 12. fxg3 Qc7 13. Kh2 Ne4 14. Ne5 Nxe5 15.
dxe5 Qxe5 16. Qd3 Qxg3+ 17. Qxg3 Nxg3 18. Kxg3 Rfc8 19. Nd2 Rab8 20. Nb3 Be4 21.
Nd4 a6 22. a3 Kf8 23. Rac1 Ke7 24. Kf2 Kd6 25. Nb3 b5 26. g3 e5 27. Ke3 g6 28.
h4 h5 29. Rf1 Ke6 30. Nd2 Bg2 31. Rg1 Bh3 32. Rh1 Bg4 33. Bxg4+ hxg4 34. Nb3 Kd6
35. Rcf1 Ke6 36. h5 gxh5 37. Rxh5 f6 38. Rhf5 Rf8 39. Nc5+ Ke7 40. Nxa6 Rbc8 41.
Nb4 Rc4 42. Nxd5+ Ke6 43. Nb4 {Black resigns} 1-0

[Event "Team 45 45 League T82"]
[Site "Internet Chess Club"]
[Date "2019.10.19"]
[Round "4"]
[White "pagliaci"]
[Black "howah45"]
[Result "1/2-1/2"]
[WhiteElo "1205"]
[BlackElo "1214"]
[Opening "Scandinavian: Pytel-Wade variation"]
[ECO "B01"]
[Time "13:31:20"]
[TimeControl "2700+45"]

1. e4 d5 2. exd5 Qxd5 3. Nc3 Qd6 4. d4 Nf6 5. Nf3 a6 6. g3 Bg4 7. Bg2 Nc6 8. O-O
O-O-O 9. h3 Bh5 10. Bf4 Qb4 11. a3 Qxb2 12. Na4 Qb5 13. c4 Qxc4 14. Rb1 Bxf3 15.
Bxf3 Rxd4 16. Bg4+ e6 17. Nb2 Qc3 18. Qc1 Qxc1 19. Rfxc1 Bxa3 20. Bf3 Nd5 21.
Be3 Nxe3 22. fxe3 Rd2 23. Bxc6 bxc6 24. Rxc6 Rxb2 25. Rbc1 Bd6 26. Rxd6 Rd8 27.
Rxa6 Rbd2 28. Raa1 R8d3 29. Ra7 Rd1+ 30. Rxd1 Rxd1+ 31. Kf2 Rb1 32. Ra8+ Rb8 33.
Ra7 Kd7 34. Ra4 c5 35. Ra7+ Ke8 36. Rc7 Rb2+ 37. Kf3 Rc2 38. Ke4 c4 39. Kd4 h5
40. Rxc4 Rxc4+ 41. Kxc4 Ke7 42. Kd4 Kf6 43. Ke4 g5 44. h4 Kg6 45. Ke5 g4 {Game
drawn by mutual agreement} 1/2-1/2

[Event "Team 45 45 League T82"]
[Site "Internet Chess Club"]
[Date "2019.10.22"]
[Round "4"]
[White "oldbookseller"]
[Black "isaac13"]
[Result "0-1"]
[WhiteElo "1012"]
[BlackElo "1136"]
[Opening "King's Indian: East Indian defense"]
[ECO "A48"]
[Time "14:00:40"]
[TimeControl "2700+45"]

1. d4 Nf6 2. Nf3 g6 3. e3 Bg7 4. Bd3 O-O 5. O-O d6 6. Nbd2 Bg4 7. Qe1 Nc6 8. c3
a6 9. e4 Bh6 10. e5 dxe5 11. Ne4 Bxf3 12. Bxh6 Bxe4 13. Bxe4 Re8 14. Qe3 exd4
15. Qh3 Nxe4 16. Qd3 Nc5 17. Qc4 b6 18. Rae1 e6 19. cxd4 Nxd4 20. Qc3 Nf5 21. g4
Nxh6 22. f4 Nxg4 23. Qf3 f5 24. h3 Nf6 25. Qg3 Nh5 26. Qf3 Qd2 27. Re5 Qxb2 28.
Qe3 Ne4 29. Qd3 Rad8 30. Qxa6 Neg3 31. Rfe1 Nxf4 32. Qc4 Qg2# {White checkmated}
0-1

[Event "Team 45 45 League T82"]
[Site "Internet Chess Club"]
[Date "2019.10.16"]
[Round "4"]
[White "KidRattler"]
[Black "liujf"]
[Result "0-1"]
[WhiteElo "1584"]
[BlackElo "1544"]
[Opening "English: symmetrical, four knights system"]
[ECO "A30"]
[Time "19:10:10"]
[TimeControl "2700+45"]

1. Nf3 c5 2. c4 Nf6 3. Nc3 Nc6 4. g3 e5 5. d3 Be7 6. Bg2 O-O 7. O-O d6 8. e4 Bg4
9. h3 Bh5 10. g4 Bg6 11. Be3 h6 12. Ne2 Nd4 13. Bxd4 cxd4 14. Ng3 Qd7 15. Nf5
Rab8 16. Qd2 Bxf5 17. gxf5 b5 18. b3 bxc4 19. bxc4 Nh5 20. Kh2 Nf4 21. Rg1 Kh7
22. Bf1 Rg8 23. Nxd4 Bg5 24. Nf3 Nxh3 25. Nxg5+ Nxg5 26. Be2 Qe7 27. Rab1 Rxb1
28. Rxb1 g6 29. f4 exf4 30. Qxf4 gxf5 31. Qxf5+ Kh8 32. Rf1 Qe5+ 33. Qxe5+ dxe5
34. Rf6 Rg6 35. Rxg6 fxg6 36. Bg4 h5 37. Bd7 Kg7 38. c5 Kf7 39. Kg3 Ke7 40. c6
Nh7 41. Bc8 Kd6 42. Bb7 Nf8 43. Kh4 Kc7 44. a4 Ne6 45. a5 Nc5 46. Ba6 Nxa6 47.
Kg5 Kxc6 48. d4 exd4 49. Kf6 d3 50. e5 Nc5 51. e6 Nxe6 52. a6 d2 53. Ke7 d1=Q
54. Kf6 h4 55. Kxg6 h3 56. Kf7 h2 57. Kg6 h1=Q 58. Kf7 Qhf1+ 59. Kg8 Qd7 60. Kh8
Qf8# {White checkmated} 0-1

[Event "Team 45 45 League T82"]
[Site "Internet Chess Club"]
[Date "2019.10.18"]
[Round "4"]
[White "dld6928"]
[Black "bardu"]
[Result "0-1"]
[WhiteElo "1234"]
[BlackElo "1359"]
[Opening "Four knights: Scotch, 4...exd4"]
[ECO "C47"]
[Time "19:12:37"]
[TimeControl "2700+45"]

1. e4 e5 2. Nf3 Nc6 3. Nc3 Nf6 4. d4 exd4 5. Nxd4 Bb4 6. Nxc6 bxc6 7. Bd3 d5 8.
exd5 cxd5 9. O-O O-O 10. Bg5 c6 11. Re1 h6 12. Bd2 Bg4 13. Qxg4 Nxg4 {White
resigns} 0-1

[Event "Team 45 45 League T82"]
[Site "Internet Chess Club"]
[Date "2019.10.22"]
[Round "4"]
[White "guyd52"]
[Black "Pawnchain"]
[Result "0-1"]
[WhiteElo "1254"]
[BlackElo "1432"]
[Opening "Réti: King's Indian attack (Barcza system)"]
[ECO "A07"]
[Time "07:00:58"]
[TimeControl "2700+45"]

1. Nf3 d5 2. g3 Nc6 3. d3 Bg4 4. Nbd2 Nf6 5. Bg2 h6 6. c3 Qd7 7. O-O e5 8. e4
dxe4 9. Nxe4 O-O-O 10. Nxf6 gxf6 11. Be3 h5 12. h4 Qxd3 13. Qxd3 Rxd3 14. Rfd1
Rxd1+ 15. Rxd1 e4 16. Bf1 Bxf3 17. Rc1 a6 18. b4 Ne5 19. Bd4 Be7 20. Bxe5 fxe5
21. Re1 Rd8 22. Bg2 Bxg2 23. Kxg2 f5 24. Re3 Rd3 25. a4 Rxe3 26. fxe3 b5 27.
axb5 axb5 28. Kf2 c5 29. bxc5 Bxc5 30. Ke2 Kd7 31. Kd2 b4 32. cxb4 Bxb4+ 33. Ke2
Ke6 34. Kf2 Kd5 35. Kf1 Kc4 36. Ke2 Bc3 37. Kf2 Kd3 38. Kf1 Kxe3 39. Kg2 Be1 40.
Kf1 Bxg3 41. Kg1 Kf3 42. Kf1 Bxh4 43. Kg1 e3 44. Kf1 e2+ 45. Kg1 e1=Q+ 46. Kh2
Qf2+ 47. Kh1 Qg2# {White checkmated} 0-1

[Event "Team 45 45 League T82"]
[Site "Internet Chess Club"]
[Date "2019.10.17"]
[Round "4"]
[White "jeffk"]
[Black "Conjurer"]
[Result "0-1"]
[WhiteElo "1120"]
[BlackElo "1143"]
[Opening "Sicilian: Taimanov variation"]
[ECO "B45"]
[Time "19:00:21"]
[TimeControl "2700+45"]

1. e4 c5 2. Nf3 Nc6 3. Nc3 e6 4. d4 cxd4 5. Nxd4 Nf6 6. Bb5 Bc5 7. Be3 Nxd4 8.
Bxd4 b6 9. O-O O-O 10. Bxc5 bxc5 11. e5 Ne8 12. Qf3 Rb8 13. b3 Bb7 14. Qe3 Qe7
15. Rad1 d5 16. exd6 Nxd6 17. Qxc5 a6 18. Rxd6 axb5 19. Nxb5 Rbc8 20. Qd4 Qg5
21. g3 Rxc2 22. f4 Rg2+ 23. Kh1 Qxb5 24. Rg1 Rd2+ {White resigns} 0-1